 Dungeon Crawl Stone Soup version 0.25.0-9-g26727b657a (webtiles) character file.

Game seed: 8720832195840628138

110 Esekla the Ducker (level 4, -12/25 HPs)
             Began as a Deep Elf Warper on June 20, 2020.
             Killed by divine providence
             ... invoked by an orc priest
              (14 damage)
             ... on level 5 of the Dungeon.
             The game lasted 00:19:18 (3361 turns).

Esekla the Ducker (Deep Elf Warper)                 Turns: 3361, Time: 00:19:19

Health: -12/25     AC:  2    Str:  8    XL:     4   Next: 61%
Magic:  9/10       EV: 14    Int: 18    God:
Gold:   95         SH:  5    Dex: 15    Spells: 7/9 levels left

rFire    . . .     SeeInvis .   h - +1 dagger (vamp)
rCold    . . .     Gourm    .   (no shield)
rNeg     . . .     Faith    .   k - +0 robe
rPois    .         Spirit   .   (no helmet)
rElec    .         Reflect  +   (no cloak)
rCorr    .         Harm     .   (no gloves)
MR       .....                  (no boots)
Stlth    +.........             q - amulet of reflection
HPRegen  0.08/turn              m - ring of flight
MPRegen  0.12/turn              p - +4 ring of slaying

@: no status effects
A: no striking features
a: Evoke Flight


You were on level 5 of the Dungeon.
You were very hungry.

You visited 1 branch of the dungeon, and saw 5 of its levels.

You collected 95 gold pieces.

Inventory:

Hand Weapons
 a - a +0 falchion
 h - a +1 vampiric dagger (weapon)
Missiles
 b - 17 poisoned darts (quivered)
 e - 5 boomerangs of dispersal
Armour
 k - a +0 robe (worn)
Jewellery
 m - a ring of flight (left hand)
 p - a +4 ring of slaying (right hand)
 q - an amulet of reflection (around neck)
Scrolls
 g - 4 scrolls of remove curse {unknown}
 i - a scroll of enchant weapon {unknown}
 j - a scroll of immolation {unknown}
 l - 4 scrolls of identify {unknown}
 o - a scroll of fear {unknown}
 r - 3 scrolls of fog {unknown}
 t - a scroll of amnesia {unknown}
 u - a scroll of random uselessness {unknown}
Potions
 c - a potion of stabbing {unknown}
 n - a potion of heal wounds {unknown}
 s - a potion of might {unknown}
Comestibles
 f - 6 rations


   Skills:
 - Level 1.5 Fighting
 + Level 1.0(2.2) Short Blades
 * Level 2.7(2.9) Long Blades
 + Level 1.0 Throwing
 - Level 0.7 Armour
 * Level 4.2 Dodging
 - Level 3.0 Spellcasting
 + Level 1.2 Charms
 + Level 3.6 Translocations


You had 7 spell levels left.
You knew the following spells:

 Your Spells              Type           Power        Failure   Level  Hunger
a - Shroud of Golubria    Chrm/Tloc      ##....       9%          2    ##.....

Your spell library contained the following spells:

 Spells                   Type           Power        Failure   Level  Hunger
 Blink                    Tloc           N/A          5%          2    ##.....
 Gell's Gravitas          Tloc           ###.......   11%         3    ###....
 Lesser Beckoning         Tloc           ###.......   11%         3    ###....
 Teleport Other           Tloc           ###.....     11%         3    ###....
 Passage of Golubria      Tloc           N/A          34%         4    ####...


Dungeon Overview and Level Annotations

Branches:
Dungeon (5/15)
 Temple: D:4-7

Altars:
Cheibriados
Dithmenos
Elyvilon
Nemelex Xobeh
Trog
Uskayaw

Annotations:
D:3 1 runed translucent door
D:4 1 runed translucent door, Robin


Message History

You are feeling very hungry.
Your shroud bends the goblin's attack away!
Your magical contamination has completely faded away.
You feel sick.
You are no longer poisoned.
The goblin closely misses you.
There is an escape hatch in the floor here.
The goblin hits you with a +0 dagger.
* * * LOW HITPOINT WARNING * * *
Your shroud falls apart!
You slide downwards.
The hatch slams shut behind you.
An adder, 2 orcs and an orc priest come into view.
The orc shouts!
The adder hisses angrily.
The orc shouts!
The orc priest shouts!
Found a dark potion and 8 gold pieces.
Found a stone staircase leading up.
The goblin barely misses you. You block the orc's attack.
The orc priest invokes the aid of Beogh against you.
Beogh smites you!
Ouch! That really hurt!
You die...

#######
##!......
#######........
......ogoo.....
#######@.##...#
#<..# $.+ #S..#
# ..... .....#.
###.#.#.! .. ..
.. .( .. ...


You could see an orc priest, an adder, 2 orcs and a goblin (strong).

Vanquished Creatures
  A worker ant (D:3)
  3 adders (D:3)
  A dart slug (D:1)
  A leopard gecko (D:3)
  A ball python (D:2)
  9 bats
  5 giant cockroaches
  6 hobgoblins
  7 jackals
  4 frilled lizards
  5 goblins
  3 kobolds
  6 rats
52 creatures vanquished.

Notes
Turn   | Place    | Note
-------+----------+-------------------------------------------
     0 | D:1      | Esekla the Deep Elf Warper began the quest for the Orb.
     0 | D:1      | Reached XP level 1. HP: 12/12 MP: 6/6
   597 | D:1      | Reached skill level 3 in Dodging
   850 | D:1      | Reached XP level 2. HP: 13/16 MP: 8/8
   860 | D:1      | Learned a level 2 spell: Shroud of Golubria
   939 | D:2      | Found a sparkling altar of Nemelex Xobeh.
  1575 | D:3      | Reached XP level 3. HP: 19/20 MP: 6/9
  2265 | D:3      | Reached skill level 4 in Dodging
  2357 | D:3      | Found a white marble altar of Elyvilon.
  2358 | D:3      | Found a runed translucent door.
  2358 | D:3      | Noticed an angel
  2522 | D:3      | Reached XP level 4. HP: 25/25 MP: 10/10
  2633 | D:3      | Found a hide-covered altar of Uskayaw.
  2750 | D:3      | Found a shadowy altar of Dithmenos.
  2753 | D:3      | Found a bloodstained altar of Trog.
  2756 | D:3      | Found a snail-covered altar of Cheibriados.
  2921 | D:4      | Noticed Robin
  2951 | D:4      | Noticed an ogre
  2983 | D:4      | Found a runed translucent door.
  3009 | D:3      | Reached skill level 1 in Short Blades
  3009 | D:3      | Reached skill level 1 in Charms
  3359 | D:5      | Entered Level 5 of the Dungeon
  3361 | D:5      | Killed from afar by an orc priest

Illustrated notes

Levels and vault maps discovered:
D:1:      dpeg_arrival_prison, layout_loops_ring, minmay_hexomino_c4
D:2:      layout_basic, overflow_temple_1_default,
          nemelex_xobeh_ov_fountains_minmay, lemuel_doored_altar,
          overflow_temple_1_default, first_ration
D:3:      layout_basic, grunt_temple_overflow_diamond,
          eat_drink_and_be_merry_uskayaw, lemuel_angel_altar
D:4:      layout_basic, nicolae_overflow_crystal_walls,
          ebering_ghost_reflecting_pool, minmay_bisected, uniq_edmund,
          uniq_robin, uniq_eustachio
D:5:      layout_basic, uniq_ijyb

Skill      XL: |  1  2  3  4 |
---------------+-------------+-----
Dodging        | 3 4 |  4.2
Long Blades    | 2 |  2.7
Short Blades   | 1 |  1.0
Charms         | 1 |  1.2
Fighting       | |  1.5
Throwing       | |  1.0
Armour         | |  0.7
Spellcasting   | |  3.0
Translocations | |  3.6

Action                   |  1- 3 |  4- 6 || total
-------------------------+-------+-------++-------
Melee: Falchion          |    89 |       ||    89
       Dagger            |    82 |    59 ||   141
Throw: Dart              |       |     3 ||     3
 Cast: Shroud of Golubri |    26 |    10 ||    36
  Use: Scroll            |       |     1 ||     1
  Eat: Chunk             |     7 |     2 ||     9
Armor: Robe              |    11 |     2 ||    13
Dodge: Dodged            |   137 |    38 ||   175
Block: Other             |     1 |    11 ||    12
       Rpst.: Falchion   |    24 |       ||    24
